 Dungeon Crawl Stone Soup version 0.25.1-2-g60ff931df9 (webtiles) character file.

Game seed: 17575155801841659169

48 hawla the Chopper (level 3, 0/49 HPs)
             Began as a Minotaur Berserker on Oct 10, 2020.
             Was a Believer of Trog.
             Slain by a sky beast (6 damage)
             ... on level 2 of the Dungeon.
             The game lasted 00:02:09 (1471 turns).

hawla the Chopper (Minotaur Berserker)              Turns: 1471, Time: 00:02:10

Health: 0/49       AC: 21    Str: 22    XL:     3   Next: 50%
Magic:  2/2        EV:  2    Int:  4    God:    Trog [**....]
Gold:   54         SH:  0    Dex:  9    Spells: 2/2 levels left

rFire    . . .     SeeInvis .   a - +0 hand axe
rCold    . . .     Gourm    .   (no shield)
rNeg     + + +     Faith    .   (armour currently unavailable)
rPois    +         Spirit   .   (helmet currently unavailable)
rElec    .         Reflect  .   (cloak currently unavailable)
rCorr    .         Harm     .   (gloves currently unavailable)
MR       .....     NoTele   +   (boots currently unavailable)
Stlth    +.........             (no amulet)
HPRegen  0.16/turn              (no ring)
MPRegen  0.08/turn              (no ring)

@: tree-form, very slow
A: (retaliatory headbutt)
a: Berserk, Trog's Hand, Renounce Religion


You were on level 2 of the Dungeon.
You worshipped Trog.
Trog was pleased with you.
You were not hungry.
You were a tree.
You visited 1 branch of the dungeon, and saw 2 of its levels.

You collected 54 gold pieces.

Inventory:

Hand Weapons
 a - a +0 hand axe (weapon)
Armour
 b - a +1 animal skin (melded)
 e - a +0 pair of gloves (melded)
 k - a +0 leather armour
Jewellery
 d - a +4 ring of protection
Scrolls
 f - a scroll of enchant armour
 g - a scroll of identify
 j - a scroll of enchant weapon {unknown}
Comestibles
 c - 8 rations
 i - 2 chunks of flesh


   Skills:
 + Level 4.0 Fighting
 + Level 4.6 Axes
 + Level 2.5 Armour
 * Level 2.9 Dodging


You had 2 spell levels left.
You didn't know any spells.
Your spell library was empty.

Dungeon Overview and Level Annotations

Branches:
Dungeon (2/15)

Altars:


Innate Abilities, Weirdness & Mutations

((You reflexively headbutt those who attack you in melee.))
((You have a pair of horns on your head.))


Message History

You miss the sky beast.
The sky beast is almost dead.
The sky beast hits you but does no damage.
You miss the sky beast.
The sky beast is almost dead.
The sky beast hits you but does no damage.
You miss the sky beast.
The sky beast is almost dead.
Your skin stops crawling.
You feel less resistant to hostile enchantments.
The sky beast hits you but does no damage.
You closely miss the sky beast.
The sky beast is almost dead.
The sky beast hits you but does no damage.
The sky beast flickers out of sight!
Deactivating autopickup; reactivate with Ctrl-A.
Something hits you.
* * * LOW HITPOINT WARNING * * *
Something shocks you.
You die...

.#..#...........#
...........####.#
....#......# #.#
.....#...#.####.#
................#
.#..###.##.####.#
.#..# #.##.# #..#
.#..###.##.#
#..######.#
...........#
#.{♣......#
###.########
#.#######.# ....#
#. ##### #. #. #.
#.


There were no monsters in sight!

Vanquished Creatures
  An adder (D:2)
  A worm (D:2)
  A dart slug (D:1)
  2 leopard geckos
  A bat (D:2)
  A giant cockroach (D:2)
  2 goblins (D:1)
  6 hobgoblins
  4 jackals (D:2)
  5 kobolds (D:1)
  3 frilled lizards
  2 rats (D:1)
29 creatures vanquished.

Notes
Turn   | Place    | Note
-------+----------+-------------------------------------------
     0 | D:1      | hawla the Minotaur Berserker began the quest for the Orb.
     0 | D:1      | Reached XP level 1. HP: 19/19 MP: 0/0
   206 | D:1      | Reached XP level 2. HP: 15/27 MP: 1/1
  1085 | D:2      | Reached XP level 3. HP: 27/33 MP: 2/2
  1202 | D:2      | Reached ** piety under Trog
  1443 | D:2      | Noticed a sky beast
  1471 | D:2      | Slain by a sky beast

Illustrated notes

Levels and vault maps discovered:
D:1:      minmay_arrival_jagged, layout_basic, hangedman_decor_clover_reticule
D:2:      layout_loops_ring, first_ration

Skill      XL: |  1  2 |
---------------+-------+-----
Axes           | 4 |  4.6
Fighting       | 4 |  4.0
Armour         | |  2.5
Dodging        | |  2.9

Action                   || total
-------------------------++-------
Melee: Hand axe          ||    88
       Headbutt          ||     6
Invok: Trog's Hand       ||     1
  Use: Scroll            ||     3
       Potion            ||     1
  Eat: Chunk             ||     2
Armor: Animal skin       ||    10
       Skin              ||    16
Dodge: Dodged            ||    43
